 Dungeon Crawl Stone Soup version 0.20.1-1-g8b1a95d66d (webtiles) character file.

5089 NullDivider the Covert (level 10, -5/68 HPs)
             Began as an Octopode Artificer on Dec 7, 2017.
             Was a Believer of Nemelex Xobeh.
             Slain by a two-headed ogre
             ... wielding a +0 giant club
              (27 damage)
             ... on level 9 of the Dungeon.
             The game lasted 00:47:26 (13755 turns).

NullDivider the Covert (Octopode Artificer)        Turns: 13755, Time: 00:47:27

Health: -5/68      AC:  3    Str: 14    XL:     10   Next: 57%
Magic:  16/16      EV: 18    Int: 10    God:    Nemelex Xobeh [**....]
Gold:   561        SH:  0    Dex: 17    Spells: 9/9 levels left

rFire    . . .     SeeInvis .   B - +1 short sword (venom)
rCold    . . .     Gourm    .   (no shield)
rNeg     . . .     Faith    .   C - +2 hat
rPois    .         Spirit   .   (no amulet)
rElec    .         Reflect  .   J - +2 ring of strength (curse)
rCorr    .         Harm     .   e - ring of Nitt {Wiz Dex+4}
MR       +....     Rnd*Rage +   V - ring "Rathrid" {MR+ Int-2 Dex+2 Stlth+}
Stlth    +++++++...             (no ring)
Regen    0.3/turn               (no ring)
MPRegen  0.2/turn               (no ring)
                                (no ring)
                                (no ring)

@: no status effects
A: almost no armour, stealthy swim, amphibious, 8 rings, constrict 8, antennae
1, camouflage 1, berserk 1, clumsy 2, dopey 1, gelatinous body 1
a: Renounce Religion


You were on level 9 of the Dungeon.
You worshipped Nemelex Xobeh.
Nemelex Xobeh was pleased with you.
You were not hungry.

You visited 2 branches of the dungeon, and saw 10 of its levels.
You also visited: Ossuary.

You collected 561 gold pieces.

Inventory:

Hand Weapons
 B - a +1 short sword of venom (weapon)
Armour
 C - a +2 hat (worn)
Jewellery
 e - the ring of Nitt (right tentacle) {Wiz Dex+4}
   (You found it on level 7 of the Dungeon)

   [ring of wizardry]

   It improves your spell success rate.
   It affects your dexterity (+4).
 J - a cursed +2 ring of strength (left tentacle)
 M - an uncursed amulet of harm {unknown}
 V - the ring "Rathrid" (on tentacle) {MR+ Int-2 Dex+2 Stlth+}
   (You found it on level 9 of the Dungeon)

   [ring of protection from magic]

   It affects your intelligence (-2).
   It affects your dexterity (+2).
   It affects your resistance to hostile enchantments.
   It makes you more stealthy.
Wands
 b - a wand of flame (0/48)
 c - a wand of enslavement (4/24)
 d - a wand of random effects (14/48)
 x - a wand of polymorph (9/24)
 A - a wand of digging (8/24)
 D - a wand of lightning (6/15)
 F - a wand of polymorph (8/24)
 I - a wand of acid (5/15)
 O - a wand of polymorph (12/24)
 Q - a wand of random effects (26/48)
 R - a wand of random effects (33/48)
Scrolls
 h - 2 scrolls of recharging {unknown}
 i - 6 scrolls of remove curse
 k - 6 scrolls of teleportation
 l - 2 scrolls of enchant armour {unknown}
 r - 3 scrolls of fear {unknown}
 t - 3 scrolls of immolation
 v - 2 scrolls of noise {unknown}
 y - 3 scrolls of amnesia {unknown}
 L - 2 scrolls of acquirement {unknown}
 N - a scroll of summoning {unknown}
 S - a scroll of identify
Potions
 a - 2 potions of flight {unknown}
 g - 5 potions of curing
 m - a potion of mutation {unknown}
 n - a potion of lignification {unknown}
 p - 6 potions of heal wounds
 q - 2 potions of cancellation {unknown}
 u - 2 potions of degeneration {unknown}
 w - 2 potions of brilliance {unknown}
 z - 2 potions of invisibility
 E - a potion of ambrosia {unknown}
 G - a potion of haste
 P - a potion of might {unknown}
Books
 T - a book of Cantrips

   Spells                             Type                      Level
   a - Confusing Touch                Hexes                        1
   b - Animate Skeleton               Necromancy                   1
   c - Summon Small Mammal            Summoning                    1
   d - Apportation                    Translocation                1
Miscellaneous
 H - a plain deck of escape
 K - a plain deck of summoning
Comestibles
 f - 5 bread rations
 j - 7 fruits
 o - 3 meat rations
 s - 3 royal jellies
 U - 5 chunks of flesh


   Skills:
 + Level 6.2 Fighting
 + Level 5.9 Short Blades
 * Level 7.5 Dodging
 + Level 11.1 Stealth
 * Level 8.2 Evocations


You had 9 spell levels left.
You didn't know any spells.

Dungeon Overview and Level Annotations

Branches:
Dungeon (9/15)             Temple (1/1) D:6
   Lair: D:8-11         Orc: D:9-12

Altars:
Ashenzari
Cheibriados
Dithmenos
Elyvilon
Fedhas
Gozag
Hepliaklqana
Kikubaaqudgha
Makhleb
Nemelex Xobeh
Okawaru
Qazlal
Ru
Sif Muna
Trog
Uskayaw
Vehumet
Xom
Yredelemnul
Zin
The Shining One

Annotations:
D:5 NullDivider's ghost, novice OpAr


Innate Abilities, Weirdness & Mutations

You cannot wear most types of armour.
You are very stealthy in the water. (Stealth+)
You are amphibious.
You can wear up to eight rings at the same time.
You can use your tentacles to constrict eight enemies at once.
Your skin changes colour to match your surroundings (Stealth+).
Your rubbery body absorbs attacks. (AC +1, EV +1)
You have a pair of small antennae on your head.
You tend to lose your temper in combat.
You are very clumsy. (Dex -4)
You are dopey. (Int -2)


Message History

Press: ? - help, Shift-Dir - straight line, f/p - two-headed ogre
Aim: a two-headed ogre, wielding two giant clubs (chance to defeat MR: 51%)
The two-headed ogre resists with significant effort.
This wand has 5 charges left.
You constrict the hornet zombie. The orc wizard hits you with a dagger.
The two-headed ogre hits you with a giant club!
The two-headed ogre barely misses you.
The hornet zombie completely misses you.
The orc barely misses you.
Evoke which item? (* to show all) (? for menu, Esc to quit)
Aiming: Enslavement
Press: ? - help, Shift-Dir - straight line, f/p - two-headed ogre
Aim: a two-headed ogre, wielding two giant clubs (chance to defeat MR: 51%)
The two-headed ogre resists with significant effort.
This wand has 4 charges left.
You constrict the hornet zombie.
The orc wizard looks encouraged for a moment.
The hornet zombie hits you. The two-headed ogre misses you.
The two-headed ogre hits you with a giant club!!
You die...
Your body glows slightly and disappears.

## ..######### ..........#
....... ..........# P. ......O
..........# ..%. .......
..........######......# .....oo
......oo..............# .......
.....oZ@..............#. .......
......Oo....[.........#. .......
..#...?...............#. #
#...................#. ## . .#
#..>................#.
.#####...#####.#.####...##.##....
....##.#...#.....# #.#....##....
###.##..##.......# #.#..........
.....##..........# ..#.#####....


You could see a two-headed ogre, 2 orc wizards, 2 orcs and a hornet zombie.

Vanquished Creatures
  A two-headed ogre (D:9)
  4 yaks
  A hungry ghost (D:8)
  The ghost of tensugalgo the Twirler, an amateur DsGl (D:4)
  Menkaure (D:5)
  A water moccasin (D:6)
  A sky beast (D:7)
  An ice beast (D:9)
  3 phantoms
  A necrophage (D:6)
  An ogre (D:6)
  3 centaurs
  Blork the orc (D:5)
  A bullfrog (D:6)
  A gnoll sergeant (D:8)
  2 elf zombies (Ossuary)
  A wyvern skeleton (D:6)
  2 scorpions
  9 killer bees
  4 howler monkeys
  A centaur zombie (D:7)
  3 crimson imps
  A bullfrog zombie (D:7)
  2 centaur skeletons
  3 hounds
  2 human zombies (Ossuary)
  3 orc priests
  A jelly (D:8)
  2 iguanas
  Ijyb (D:5)
  Natasha (twice) (D:4)
  7 orc wizards
  10 worker ants
  2 big kobold zombies (Ossuary)
  A hound zombie (D:6)
  3 mummies (Ossuary)
  A worker ant zombie (D:7)
  A howler monkey zombie (D:5)
  14 gnolls
  7 adders
  3 shadow imps
  2 oozes
  An adder skeleton (D:7)
  7 adder zombies
  5 worms
  A dart slug (D:3)
  5 leopard geckos
  38 orcs
  8 giant cockroaches
  7 goblins
  9 hobgoblins
  26 jackals
  13 kobolds
  4 quokkas
  3 ball pythons
  6 bats
  10 frilled lizards
  4 goblin zombies (Ossuary)
  A hobgoblin zombie (Ossuary)
  6 jackal zombies (Ossuary)
  3 kobold zombies (Ossuary)
  A leopard gecko skeleton (D:5)
  An orc zombie (Ossuary)
  A quokka skeleton (D:4)
  3 quokka zombies (Ossuary)
  10 rats
  4 rat zombies (Ossuary)
289 creatures vanquished.

Vanquished Creatures (collateral kills)
  A hound (D:9)
  An orc (D:3)
  A rat (D:3)
3 creatures vanquished.

Vanquished Creatures (others)
  A yak (D:9)
  An orc wizard (D:3)
  A gnoll (D:8)
  A shadow imp (D:9)
  A jackal (D:3)
5 creatures vanquished.

Grand Total: 297 creatures vanquished

Notes
Turn   | Place    | Note
-------+----------+-------------------------------------------
     0 | D:1      | NullDivider the Octopode Artificer began the quest for the Orb.
     0 | D:1      | Reached XP level 1. HP: 13/13 MP: 3/3
   469 | D:1      | Reached skill level 2 in Stealth
   522 | D:1      | Reached XP level 2. HP: 18/18 MP: 4/4
  1100 | D:1      | Reached XP level 3. HP: 22/23 MP: 5/5
  1409 | D:1      | Reached skill level 3 in Stealth
  1913 | D:2      | Reached XP level 4. HP: 20/29 MP: 6/6
  2556 | D:2      | Reached skill level 4 in Stealth
  2932 | D:2      | Reached XP level 5. HP: 34/34 MP: 7/7
  4050 | D:3      | Noticed a centaur
  4057 | D:3      | Killed a centaur
  4057 | D:3      | Reached skill level 5 in Stealth
  4057 | D:3      | Reached XP level 6. HP: 41/41 MP: 9/9
  4868 | D:4      | Reached skill level 6 in Stealth
  4876 | D:4      | Noticed tensugalgo's ghost (amateur DsGl)
  5504 | D:4      | Killed tensugalgo's ghost
  5504 | D:4      | Reached XP level 7. HP: 46/46 MP: 10/10
  5770 | D:4      | Reached skill level 7 in Stealth
  5787 | D:4      | Noticed Natasha
  5793 | D:4      | Killed Natasha
  6385 | D:4      | Noticed Natasha
  6397 | D:4      | Killed Natasha
  6447 | D:4      | Reached skill level 5 in Evocations
  6447 | D:4      | Reached XP level 8. HP: 30/52 MP: 11/11
  6709 | D:5      | Entered Level 5 of the Dungeon
  6710 | D:5      | Noticed Menkaure
  6714 | D:5      | Killed Menkaure
  6733 | D:5      | Noticed Ijyb
  6741 | D:5      | Killed Ijyb
  6835 | D:5      | Noticed Blork the orc
  6841 | D:5      | Killed Blork the orc
  6841 | D:5      | Reached skill level 8 in Stealth
  7012 | D:5      | Found a sand-covered staircase.
  7035 | Ossuary  | Entered an ossuary
  7283 | Ossuary  | Reached skill level 9 in Stealth
  7812 | D:5      | Reached XP level 9. HP: 51/59 MP: 13/13
  8104 | D:5      | Reached skill level 5 in Dodging
  8546 | D:5      | Noticed NullDivider's ghost (novice OpAr)
  8706 | D:6      | Found a staircase to the Ecumenical Temple.
  8713 | Temple   | Entered the Ecumenical Temple
  8733 | Temple   | Became a worshipper of Nemelex Xobeh the Trickster
  8943 | D:6      | Reached skill level 10 in Stealth
  8950 | D:6      | Received a gift from Nemelex Xobeh
  9513 | D:6      | Reached skill level 5 in Fighting
  9655 | D:6      | Reached skill level 5 in Short Blades
 10413 | D:7      | Reached * piety under Nemelex Xobeh
 10457 | D:7      | You fall through a shaft!
 10458 | D:8      | Gained mutation: You are clumsy. (Dex -2) [mutagenic meat]
 10459 | D:8      | Gained mutation: You are dopey. (Int -2) [mutagenic meat]
 10460 | D:8      | Gained mutation: You are very clumsy. (Dex -4) [mutagenic meat]
 10461 | D:8      | Gained mutation: You have a pair of small antennae on your head. [mutagenic meat]
 10462 | D:8      | Gained mutation: You tend to lose your temper in combat. [mutagenic meat]
 10652 | D:7      | Got a sparkling granite ring
 11142 | D:7      | Identified the ring of Nitt {Wiz Dex+4} (You found it on level 7 of the Dungeon)
 11190 | D:8      | Received a gift from Nemelex Xobeh
 11445 | D:8      | Reached XP level 10. HP: 13/67 MP: 15/15
 12083 | D:8      | Reached ** piety under Nemelex Xobeh
 12353 | D:8      | HP: 3/68 [poisoned by a killer bee]
 12358 | D:8      | HP: 2/68 [poisoned by a killer bee]
 12365 | D:8      | HP: 2/68 [poisoned by a killer bee]
 12373 | D:8      | HP: 1/68 [poisoned by a killer bee]
 12896 | D:9      | Noticed a two-headed ogre
 12937 | D:8      | HP: 1/68 [yak (8)]
 13222 | D:9      | Killed a two-headed ogre
 13222 | D:9      | Reached skill level 11 in Stealth
 13252 | D:9      | Noticed a two-headed ogre
 13264 | D:9      | Got a glittering bone ring
 13265 | D:9      | Identified the ring "Rathrid" {MR+ Int-2 Dex+2 Stlth+} (You found it on level 9 of the Dungeon)
 13755 | D:9      | Slain by a two-headed ogre

Skill      XL: |  1  2  3  4  5  6  7  8  9 10 |
---------------+-------------------------------+-----
Stealth        | 2 3 4 5 6 7 9 10 11 | 11.1
Fighting       | 2 3 4 5 6 |  6.2
Dodging        | 3 4 6 7 |  7.5
Evocations     | 4 5 7 8 |  8.2
Short Blades   | 2 3 4 5 |  5.9

Action                   |  1- 3 |  4- 6 |  7- 9 | 10-12 || total
-------------------------+-------+-------+-------+-------++-------
Melee: Short sword       |    65 |   155 |   442 |   112 ||   774
       Constrict         |    14 |    35 |   104 |    12 ||   165
       Tentacles         |    17 |    35 |   102 |    27 ||   181
Evoke: Wand              |       |    14 |    11 |    10 ||    35
  Use: Scroll            |     1 |     1 |     6 |       ||     8
       Potion            |       |       |       |     1 ||     1
 Stab: Sleeping          |     4 |    21 |    30 |     3 ||    58
       Distracted        |     1 |     2 |     3 |       ||     6
       Paralysed         |       |       |     1 |       ||     1
  Eat: Chunk             |     3 |    10 |    25 |     4 ||    42
       Bread ration      |       |       |       |     1 ||     1
       Fruit             |       |       |       |     1 ||     1
Armor: Skin              |    13 |     7 |    32 |     6 ||    58
Dodge: Dodged            |    57 |    96 |   249 |    89 ||   491
